 Dungeon Crawl Stone Soup version 0.26.0-15-gc6cd9f7 (webtiles) character file.

Game seed: 5550020886756893022

211326 Clemancholy the Hoplite (level 18, -4/169 HPs)
             Began as a Minotaur Berserker on Feb 4, 2021.
             Was a High Priest of Trog.
             Killed from afar by a fenstrider witch (9 damage)
             ... with a toxic sludge
             ... on level 4 of the Swamp on Feb 5, 2021.
             The game lasted 04:04:06 (38065 turns).

Clemancholy the Hoplite (Minotaur Berserker)       Turns: 38065, Time: 04:04:06

Health: -4/169     AC: 26    Str: 32    XL:     18   Next: 21%
Magic:  0/18       EV: 14    Int:  4    God:    Trog [*****.]
Gold:   2349       SH:  0    Dex: 15    Spells: 17/17 levels left

rFire    . . .     SeeInvis .   W - +6 hand axe (flame)
rCold    . . .     Faith    .   t - +0 tower shield
rNeg     + . .     Spirit   +   L - +7 chain mail of Repulsion {rN+}
rPois    .         Reflect  .   (helmet restricted)
rElec    .         Harm     .   b - +0 cloak "Comypsuu" {Str+2 Dex+3} (curse)
rCorr    +         Rampage  .   g - +0 pair of gloves
Will     +++..                  H - +0 pair of boots
Stlth    ..........             s - brooch of Shielding {Spirit SH+8}
HPRegen  1.38/turn              f - ring of resist corrosion
MPRegen  0.16/turn              V - ring of resist corrosion

@: confused, mighty, lethally poisoned (-4 -> -51), berserk cooldown,
regenerating (expiring), slowed, studying Fighting, very slow
A: retaliatory headbutt, horns 2, agile 1, robust 1
}: 1/15 runes: gossamer
a: Renounce Religion, Berserk, Trog's Hand, Brothers in Arms


You were on level 4 of the Swamp.
You worshipped Trog.
Trog was extremely pleased with you.
You visited 6 branches of the dungeon, and saw 28 of its levels.
You also visited: Bailey.

You collected 3026 gold pieces.
You spent 677 gold pieces at shops.

Inventory:

Hand Weapons
 q - a +4 antimagic broad axe
 x - the +7 spear of Joyful Slaughter {vorpal, rC+}
   (Trog gifted it to you on level 6 of the Lair of Beasts)

   It inflicts extra damage upon your enemies.
   It protects you from cold.
 W - a +6 hand axe of flaming (weapon)
Missiles
 h - 44 boomerangs
 u - 16 atropa-tipped darts
 v - 6 curare-tipped darts
Armour
 b - the cursed +0 cloak "Comypsuu" (worn) {Str+2 Dex+3}
   (You found it on level 4 of the Lair of Beasts)

   It affects your strength (+2).
   It affects your dexterity (+3).
   It has a curse placed upon it.
 g - a +0 pair of gloves (worn)
 t - a +0 tower shield (worn)
 H - a +0 pair of boots (worn)
 L - the +7 chain mail of Repulsion (worn) {rN+}
   (You found it on level 8 of the Dungeon)

   It protects you from negative energy.
Jewellery
 f - a ring of resist corrosion (left hand)
 s - the brooch of Shielding (around neck) {Spirit SH+8}
   (You found it on level 6 of the Lair of Beasts)

   [amulet of guardian spirit]

   It causes incoming damage to be split between your health and magic.
   It affects your SH (+8).
 y - a +6 ring of dexterity
 B - a +4 ring of protection
 K - an uncursed amulet of reflection
 P - an uncursed amulet of faith
 R - an uncursed ring of ice
 U - an uncursed ring of ice
 V - a ring of resist corrosion (right hand)
Wands
 n - a wand of flame (15)
 p - a wand of enslavement (5)
 E - a wand of disintegration (39)
 O - a wand of acid (9) (quivered)
 S - a wand of paralysis (5)
 T - a wand of random effects (35)
Scrolls
 c - 2 scrolls of magic mapping
 d - 14 scrolls of remove curse
 e - 27 scrolls of teleportation
 j - 2 scrolls of fear
 k - 2 scrolls of enchant weapon
 m - 5 scrolls of enchant armour
 o - 12 scrolls of identify
 A - a scroll of holy word
 C - 4 scrolls of blinking
 D - 2 scrolls of immolation
 G - 2 scrolls of fog
 J - a scroll of torment
 Q - a scroll of brand weapon
 Y - a scroll of summoning
Potions
 a - a potion of ambrosia
 l - 7 potions of haste
 r - 2 potions of cancellation
 z - a potion of magic
 F - a potion of flight
 I - a potion of berserk rage
 Z - 3 potions of mutation
Books
 w - a manual of Fighting
Miscellaneous
 i - a lightning rod (4/4)


   Skills:
 - Level 12.0 Fighting
 + Level 16.6(17.3) Axes
 * Level 9.1(13.9) Polearms
 - Level 3.2 Throwing
 * Level 16.8 Armour
 + Level 8.7 Dodging
 * Level 22.5 Shields
 + Level 1.6 Poison Magic
 + Level 2.2 Invocations
 - Level 1.0 Evocations


You had 17 spell levels left.
You didn't know any spells.
Your spell library contained the following spells:

 Spells                   Type           Power        Failure   Level
 Apportation              Tloc           0%           92%         1
 Summon Small Mammal      Summ           0%           92%         1
 Call Imp                 Summ           0%           98%         2
 Corpse Rot               Necr/Air       N/A          98%         2
 Sublimation of Blood     Necr           0%           98%         2
 Ignite Poison            Fire/Tmut/Pois 0%           99%         3
 Gell's Gravitas          Tloc           0%           100%        3
 Summon Guardian Golem    Hex/Summ       0%           100%        3
 Dispel Undead            Necr           0%           100%        4
 Leda's Liquefaction      Hex/Erth       0%           100%        4
 Agony                    Necr           0%           100%        5
 Bolt of Magma            Conj/Fire/Erth 0%           100%        5
 Excruciating Wounds      Necr           0%           100%        5
 Fireball                 Conj/Fire      0%           100%        5
 Summon Demon             Summ           0%           100%        5
 Summon Mana Viper        Hex/Summ       0%           100%        5
 Iron Shot                Conj/Erth      0%           100%        6
 Starburst                Conj/Fire      0%           100%        6
 Statue Form              Tmut/Erth      0%           100%        6
 Ignition                 Fire           0%           100%        8
 Shatter                  Erth           0%           100%        9


Dungeon Overview and Level Annotations

Branches:
Dungeon (11/15)            Temple (0/1) D:5            Lair (6/6) D:8
  Swamp (4/4) Lair:2       Spider (4/4) Lair:3        Slime (1/5) Lair:5
    Orc (2/2) D:11            Elf (0/3) Orc:2        Bailey (visited)

Altars:
Cheibriados
Dithmenos
Elyvilon
Fedhas
Kikubaaqudgha
Makhleb
Trog
Vehumet
Xom
Yredelemnul
Zin
The Shining One
Beogh
Jiyva

Shops:
D:7 (   D:8 =:=(}   Orc:2 }:*?*

Annotations:
D:6 2 transporters, Nagaphobic's ghost, novice OgAK


Innate Abilities, Weirdness & Mutations

You reflexively headbutt those who attack you in melee.
You have a pair of horns on your head.
You are agile. (Dex +2)
You are robust. (+10% HP)


Message History

The fenstrider witch hits you but does no damage.
You block the fenstrider witch's attack.
Your unstable footing causes you to fumble your attack.
You fester in the toxic bog!
You are more poisoned.
* * * LOW HITPOINT WARNING * * *
You feel the effects of Trog's Hand fading.
* * * LOW HITPOINT WARNING * * *
You feel very sick.
The fenstrider witch points at you and mumbles some strange words.
You resist with almost no effort.
You are confused.
You feel invigorated.
You fester in the toxic bog!
You are more poisoned.
* * * LOW HITPOINT WARNING * * *
x2 You feel extremely sick.
The fenstrider witch gestures at you while chanting.
The toxic sludge hits you!!
You are more poisoned.
You die...

♣♣.≈§≈≈♣♣♣*,
♣♣..≈≈≈.≈≈≈,≈
♣♣♣♣♣≈≈≈..≈..♣.,≈
♣≈≈≈.§≈♣..≈≈≈≈.≈,
♣.≈≈.≈≈♣.≈≈≈≈..,,
♣.≈≈....†§≈≈≈≈≈≈≈
♣♣♣.≈≈≈≈≈≈≈≈≈≈≈≈≈≈
♣.≈≈♣♣.≈≈†≈≈≈≈≈≈≈≈
♣@≈≈.♣≈...♣♣.≈§≈≈≈
♣♣H..≈♣♣♣≈♣♣♣♣≈≈≈≈≈
♣♣≈§♣♣♣♣ ♣♣♣.≈≈≈≈≈≈≈
♣...♣♣♣ **♣♣..≈≈,.≈≈
♣≈≈≈..♣ *≈≈≈♣≈≈≈≈,,,
♣♣≈≈≈≈♣♣*^≈≈..≈≈,,,,
♣♣.≈≈≈.♣♣≈.≈...≈≈,,,
♣.≈≈≈≈≈.≈≈.....**≈,≈
♣≈≈≈.≈≈≈♣♣....♣***≈,


You could see a fenstrider witch.

Vanquished Creatures
  Jorgrun (Swamp:3)
  Kirke (Spider:1)
  7 emperor scorpions
  2 orc warlords
  4 ghost moths
  A stone giant (Orc:2)
  7 entropy weavers
  A spark wasp (Spider:3)
  3 bunyips
  A dire elephant (Lair:6)
  3 eleionomae
  Harold (D:7)
  Fannar (D:10)
  15 hydras
  3 ghost crabs (Lair:4)
  A merfolk avatar (Lair:6)
  2 boulder beetles
  3 alligators
  6 death yaks (Lair:6)
  A vampire mage (Swamp:2)
  Sonja (Lair:3)
  5 fire crabs (Lair:4)
  3 swamp dragons
  A spriggan druid (Swamp:1)
  A goliath frog (Swamp:1)
  A bog body (Swamp:3)
  4 orc knights
  A sea snake (Lair:6)
  Pikel (D:7)
  A harpy (Lair:6)
  14 orb spiders
  23 wolf spiders
  A cyclops (D:11)
  A will-o-the-wisp (Swamp:4)
  An orc sorcerer (Orc:2)
  Maurice (Orc:1)
  28 elephants
  An apocalypse crab (Lair:4)
  9 black mambas
  2 torpor snails
  21 cane toads
  7 rime drakes
  A gargoyle (D:10)
  11 komodo dragons
  10 demonic crawlers
  15 jumping spiders
  5 trolls
  6 polar bears
  3 meliai (Spider:4)
  7 tyrant leeches
  8 hornets
  2 wind drakes (Lair:6)
  Prince Ribbit (D:7)
  24 blink frogs
  12 slime creatures
  12 dream sheep
  The ghost of MercyWheel the Grave Robber, an amateur OpWn of Gozag (D:5)
  26 tarantellas
  53 redbacks
  64 yaks
  3 spriggans
  2 fire elementals (Spider:2)
  2 hogs (Lair:3)
  6 wyverns
  5 basilisks
  4 vampire mosquitoes (Swamp:3)
  Grum (D:9)
  13 swamp worms
  9 water moccasins
  2 hell hounds (Spider:2)
  2 sky beasts
  41 orc warriors
  4 ice beasts
  3 black bears
  A swamp drake (Swamp:3)
  An eye of draining (D:11)
  6 ogres
  A phantom (D:10)
  25 wolves
  22 centaurs
  22 bullfrogs
  A big kobold (D:10)
  A wyvern skeleton (D:9)
  5 scorpions
  13 killer bees
  6 electric eels
  5 wights (D:9)
  2 howler monkeys (D:7)
  3 bullfrog zombies
  4 jellies
  12 orc priests
  5 hounds
  3 bullfrog skeletons
  4 centaur skeletons
  4 iguanas
  23 orc wizards
  9 worker ants
  A hound skeleton (D:7)
  A hound zombie (D:5)
  Robin (D:3)
  A howler monkey skeleton (D:10)
  3 worker ant zombies
  8 adders
  11 gnolls
  A river rat (D:5)
  5 white imps
  2 ufetubi
  An ooze (D:3)
  An adder skeleton (D:8)
  2 adder zombies
  4 worms
  7 leopard geckos
  76 orcs
  6 giant cockroaches
  18 goblins
  15 hobgoblins
  19 jackals
  14 kobolds
  3 quokkas
  5 bats
  2 frilled lizards
  2 leopard gecko zombies
  9 rats
946 creatures vanquished.

Vanquished Creatures (collateral kills)
  Nikola (Swamp:2)
  Roxanne (Swamp:1)
  A ghost moth (Spider:4)
  An emperor scorpion (Spider:4)
  A bunyip (Swamp:1)
  An entropy weaver (Lair:4)
  Azrael (Spider:2)
  A hydra (Swamp:1)
  2 alligators (Swamp:1)
  2 swamp dragons
  A bog body (Swamp:2)
  2 wolf spiders
  3 orb spiders
  3 oklob plants (Lair:4)
  A moth of wrath (Spider:4)
  A wandering mushroom (Lair:4)
  A jumping spider (Spider:2)
  A queen bee (Spider:4)
  2 tyrant leeches
  A redback (Spider:2)
  2 swamp worms (Swamp:3)
  A hell hound (Spider:2)
  2 orc warriors (Orc:2)
  4 killer bees (Spider:4)
37 creatures vanquished.

Vanquished Creatures (others)
  A jumping spider (Spider:2)
  2 hornets (Swamp:3)
  A tarantella (Spider:4)
  2 spriggans (Swamp:3)
  A human (Spider:1)
  2 orc warriors (Orc:2)
  An orc wizard (D:11)
  A bush (Lair:3)
  12 foxfires (Swamp:4)
  62 fungi
  83 plants
168 creatures vanquished.

Grand Total: 1151 creatures vanquished

Notes
Turn   | Place    | Note
-------+----------+-------------------------------------------
     0 | D:1      | Clemancholy the Minotaur Berserker began the quest for the
                  | Orb.
     0 | D:1      | Reached XP level 1. HP: 19/19 MP: 0/0
   498 | D:1      | Reached XP level 2. HP: 21/27 MP: 1/1
   708 | D:1      | Reached ** piety under Trog
  1132 | D:2      | Reached XP level 3. HP: 25/33 MP: 2/2
  1753 | D:2      | Reached skill level 5 in Axes
  1835 | D:2      | Reached XP level 4. HP: 12/40 MP: 3/3
  1835 | D:2      | Found a blossoming altar of Fedhas.
  2275 | D:2      | HP: 2/40 [gnoll/+0 spear (4)]
  2575 | D:2      | Found a basalt altar of Yredelemnul.
  2589 | D:2      | Found a burning altar of Makhleb.
  2604 | D:2      | Found an ancient bone altar of Kikubaaqudgha.
  3157 | D:3      | Noticed Robin
  3174 | D:3      | Killed Robin
  3175 | D:3      | Reached XP level 5. HP: 42/46 MP: 4/4
  4322 | D:4      | Reached *** piety under Trog
  4331 | D:4      | Reached XP level 6. HP: 46/52 MP: 5/5
  4823 | D:4      | Found a white marble altar of Elyvilon.
  4823 | D:4      | Found a glowing golden altar of the Shining One.
  4823 | D:4      | Found a glowing silver altar of Zin.
  4882 | D:5      | Entered Level 5 of the Dungeon
  5121 | D:5      | Reached skill level 5 in Armour
  5121 | D:5      | Reached XP level 7. HP: 54/59 MP: 6/6
  5187 | D:5      | Found a staircase to the Ecumenical Temple.
  5472 | D:5      | Found a runed translucent door.
  5516 | D:5      | Noticed MercyWheel's ghost (amateur OpWn)
  5531 | D:5      | Killed MercyWheel's ghost
  5540 | D:5      | Found a runed translucent door.
  6048 | D:6      | Got a jade-encrusted ring mail
  6059 | D:6      | Identified the +1 ring mail "Cacecvum" {rF- Regen+ Str+5
                  | Int+4} (You found it on level 6 of the Dungeon)
  6075 | D:6      | Found a transporter.
  6075 | D:6      | Noticed Nagaphobic's ghost (novice OgAK)
  6075 | D:6      | Noticed a wraith
  6713 | D:6      | Found a transporter.
  7178 | D:7      | Noticed Harold
  7207 | D:7      | Killed Harold
  7208 | D:7      | Reached skill level 5 in Fighting
  7208 | D:7      | Reached skill level 2 in Shields
  7208 | D:7      | Reached XP level 8. HP: 37/68 MP: 7/7
  7219 | D:7      | Reached skill level 3 in Shields
  7456 | D:7      | Reached XP level 9. HP: 74/74 MP: 8/8
  7456 | D:7      | Noticed Prince Ribbit
  7486 | D:7      | Killed Prince Ribbit
  7645 | D:7      | Found Tyhur's Antique Weapon Emporium.
  7648 | D:7      | Noticed Pikel
  7660 | D:7      | Killed Pikel
  7661 | D:7      | Reached skill level 4 in Shields
  7824 | D:7      | Reached **** piety under Trog
  7825 | D:7      | Reached skill level 10 in Axes
  8490 | D:8      | Reached skill level 10 in Armour
  8491 | D:8      | Reached skill level 5 in Dodging
  8517 | D:8      | Found Qecat's Jewellery Emporium.
  8571 | D:8      | Gained mutation: You are agile. (Dex +2) [potion of
                  | mutation]
  8571 | D:8      | Gained mutation: You are robust. (+10% HP) [potion of
                  | mutation]
  8730 | D:8      | Reached skill level 5 in Shields
  8847 | D:8      | Found Gasch's Jewellery Emporium.
  8968 | D:8      | Found Usus's Book Shop.
  9088 | D:8      | Reached XP level 10. HP: 92/92 MP: 9/9
  9378 | D:8      | Got a jacinth-encrusted chain mail
  9385 | D:8      | Found a shadowy altar of Dithmenos.
  9388 | D:8      | Found a radiant altar of Vehumet.
  9388 | D:8      | Found a snail-covered altar of Cheibriados.
  9388 | D:8      | Found a snail-covered altar of Cheibriados.
  9432 | D:8      | Identified the +7 chain mail of Repulsion {rN+} (You found
                  | it on level 8 of the Dungeon)
  9565 | D:8      | Bought an uncursed amulet of reflection for 360 gold pieces
  9630 | D:8      | Found Qoud's Weapon Shoppe.
  9659 | D:8      | Found Ojuth's Gadget Shoppe.
 10039 | D:8      | Found a staircase to the Lair.
 10047 | Lair:1   | Entered Level 1 of the Lair of Beasts
 10055 | Lair:1   | Noticed a cane toad
 10058 | Lair:1   | Reached skill level 6 in Shields
 10061 | Lair:1   | Killed a cane toad
 10080 | Lair:1   | Found a burning altar of Makhleb.
 10082 | Lair:1   | Noticed a cane toad
 10089 | Lair:1   | Killed a cane toad
 10090 | Lair:1   | Reached skill level 7 in Shields
 10798 | Lair:1   | Noticed a cane toad
 10805 | Lair:1   | Killed a cane toad
 10819 | Lair:1   | Reached XP level 11. HP: 101/101 MP: 10/10
 11523 | Lair:1   | Noticed an eight-headed hydra
 11532 | Lair:1   | Killed a nine-headed hydra
 11533 | Lair:1   | Reached skill level 8 in Shields
 12218 | D:9      | Noticed Grum
 12232 | D:9      | Killed Grum
 12603 | D:10     | Entered Level 10 of the Dungeon
 12684 | D:10     | Reached ***** piety under Trog
 12816 | D:10     | Noticed Fannar
 12833 | D:10     | Killed Fannar
 12834 | D:10     | Reached skill level 9 in Shields
 13106 | D:10     | Received a gift from Trog
 13123 | D:10     | Found a shimmering altar of Xom.
 13474 | D:11     | Found a runed translucent door.
 13499 | D:11     | Reached skill level 10 in Shields
 13562 | D:11     | Reached skill level 1 in Evocations
 13562 | D:11     | Reached XP level 12. HP: 107/114 MP: 11/11
 13785 | D:11     | Found a roughly hewn altar of Beogh.
 14496 | D:11     | Found a staircase to the Orcish Mines.
 14601 | Orc:1    | Entered Level 1 of the Orcish Mines
 14655 | Orc:1    | Found a flagged portal.
 14757 | Bailey   | Entered a bailey
 14762 | Bailey   | Noticed an orc warlord
 14884 | Bailey   | Found a runed translucent gate.
 14887 | Bailey   | Found a runed translucent gate.
 14891 | Bailey   | Reached skill level 11 in Shields
 14891 | Bailey   | Reached skill level 1 in Poison Magic
 14891 | Bailey   | Reached XP level 13. HP: 123/123 MP: 11/13
 14896 | Bailey   | Found a runed translucent gate.
 15037 | Bailey   | Killed an orc warlord
 15205 | Orc:1    | Noticed Maurice
 15223 | Orc:1    | Killed Maurice
 15772 | Orc:2    | Entered Level 2 of the Orcish Mines
 15772 | Orc:2    | Found a staircase to the Elven Halls.
 16100 | Orc:2    | Noticed a stone giant
 16124 | Orc:2    | Killed a stone giant
 16125 | Orc:2    | Reached skill level 10 in Fighting
 16125 | Orc:2    | Reached skill level 12 in Shields
 16159 | Orc:2    | Found a bloodstained altar of Trog.
 16288 | Orc:2    | Received a gift from Trog
 16923 | Orc:2    | Noticed an orc warlord
 16945 | Orc:2    | Killed an orc warlord
 17230 | Orc:2    | Found Meiwiuw's Gadget Shop.
 17256 | Orc:2    | Bought a wand of iceblast (5) for 117 gold pieces
 17312 | Orc:2    | Found a bloodstained altar of Trog.
 17376 | Orc:2    | Found Wipaah's Assorted Antiques.
 17376 | Orc:2    | Found Zosinn's Magic Scroll Shop.
 17378 | Orc:2    | Found Kousycef's Assorted Antiques.
 17380 | Orc:2    | Found Mankot's Book Shoppe.
 17395 | Orc:2    | Reached skill level 13 in Shields
 17406 | Orc:2    | Bought a scroll of magic mapping for 35 gold pieces
 17407 | Orc:2    | Bought a scroll of enchant weapon for 165 gold pieces
 18092 | D:11     | Reached skill level 15 in Axes
 18651 | Lair:2   | Found a staircase to the Swamp.
 19032 | Lair:2   | Reached XP level 14. HP: 134/134 MP: 14/14
 19273 | Lair:3   | Reached skill level 14 in Shields
 19273 | Lair:3   | Reached XP level 15. HP: 141/141 MP: 15/15
 19539 | Lair:3   | Found a hole to the Spider Nest.
 19591 | Lair:3   | Noticed Sonja
 19601 | Lair:3   | Killed Sonja
 19731 | Lair:3   | Received a gift from Trog
 19771 | Lair:3   | Reached skill level 15 in Shields
 19920 | Lair:4   | Found a runed translucent door.
 20806 | Lair:4   | Reached skill level 15 in Armour
 21115 | Lair:4   | Reached skill level 16 in Shields
 21418 | Lair:4   | Paralysed by you for 6 turns
 21641 | Lair:4   | Identified the Disquisition on Dislocation and the Escort
 22098 | Lair:4   | Got a jewelled cloak
 22131 | Lair:4   | Identified the cursed +0 cloak "Comypsuu" {Str+2 Dex+3}
                  | (You found it on level 4 of the Lair of Beasts)
 22934 | Lair:4   | Reached skill level 17 in Shields
 24037 | Lair:5   | Reached XP level 16. HP: 145/152 MP: 16/16
 24311 | Lair:5   | Received a gift from Trog
 24424 | Lair:5   | Found a staircase to the Slime Pits.
 24424 | Lair:5   | Found a viscous altar of Jiyva.
 24521 | Lair:5   | Reached skill level 1 in Polearms
 24767 | Lair:6   | Entered Level 6 of the Lair of Beasts
 25037 | Lair:6   | Reached skill level 18 in Shields
 25402 | Lair:6   | Reached skill level 5 in Polearms
 25940 | Lair:6   | Received a gift from Trog
 25950 | Lair:6   | Got a fading spear {god gift}
 25953 | Lair:6   | Identified the +7 spear of Joyful Slaughter {vorpal, rC+}
                  | (Trog gifted it to you on level 6 of the Lair of Beasts)
 26033 | Lair:6   | Found the brooch of Shielding {Spirit SH+8}
 26512 | Spider:1 | Entered Level 1 of the Spider Nest
 26512 | Spider:1 | Noticed Kirke
 26534 | Spider:1 | Killed Kirke
 26535 | Spider:1 | Reached skill level 19 in Shields
 28191 | Spider:2 | Noticed Azrael
 28215 | Spider:2 | Killed Azrael
 29289 | Spider:2 | Reached XP level 17. HP: 160/160 MP: 17/17
 29320 | Spider:2 | Got a masterwork dagger
 30165 | Spider:3 | Reached skill level 20 in Shields
 30256 | Spider:3 | Received a gift from Trog
 30730 | Spider:3 | Identified a scroll of acquirement
 30732 | Spider:3 | Acquired a manual of Fighting
 31162 | Spider:4 | Entered Level 4 of the Spider Nest
 32580 | Spider:4 | Reached skill level 21 in Shields
 33089 | Spider:4 | Received a gift from Trog
 33535 | Spider:4 | Got a gossamer rune of Zot
 34288 | Slime:1  | Entered Level 1 of the Pits of Slime
 34297 | Slime:1  | Noticed an acid blob
 35485 | Swamp:1  | Entered Level 1 of the Swamp
 35496 | Swamp:1  | Noticed Roxanne
 35508 | Swamp:1  | Killed Roxanne
 36296 | Swamp:2  | Noticed Nikola
 36311 | Swamp:2  | Reached skill level 22 in Shields
 36318 | Swamp:2  | Killed Nikola
 36318 | Swamp:2  | Received a gift from Trog
 36319 | Swamp:2  | Reached XP level 18. HP: 148/169 MP: 15/18
 36815 | Swamp:3  | Noticed Jorgrun
 36841 | Swamp:3  | Killed Jorgrun
 37983 | Swamp:4  | Entered Level 4 of the Swamp
 38065 | Swamp:4  | HP: 6/169 [something (12)]
 38065 | Swamp:4  | Killed from afar by a fenstrider witch

Illustrated notes

Levels and vault maps discovered:
D:1:      dpeg_arrival_concentric_ovals, layout_loops_ring,
          kennysheep_pointless_box, st_stairs_8
D:2:      layout_rooms, nicolae_overflow_quartered_altars
D:3:      layout_loops_corners, nicolae_ru_path_of_blood, uniq_robin
D:4:      lemuel_upstairs_altar, layout_cave_pools, good_gods_mini_temple,
          lemuel_coloured_pillars_altar, grunt_ministairs_10
D:5:      layout_loops_ring, temple_hall, ebering_ghost_sewer_f,
          hangedman_decor_clover_reticule
D:6:      layout_basic, gammafunk_ghost_mausoleum
D:7:      layout_basic, serial_shops, nicolae_shop_crystal, uniq_harold,
          uniq_pikel, uniq_prince_ribbit1
D:8:      minmay_the_grid_octo_tiled_squarecenter [minmay_the_grid_octo_shrine,
          minmay_the_grid_octo_chip, minmay_the_grid_octo_pinwheel,
          minmay_the_grid_octo_thin_diamonds,
          minmay_the_grid_square_5x5_megaprize_hollow,
          minmay_the_grid_square_5x5_one_wall,
          minmay_the_grid_square_5x5_almost_minimal,
          minmay_the_grid_square_5x5_tie, minmay_the_grid_square_5x5_empty],
          layout_basic, grunt_lair_entry_orc_guard_hut, serial_shops,
          shop_statue, nicolae_shop_temple_entry_statues_fountains,
          nicolae_shop_stone, nicolae_shop_stone, kennysheep_mini_moat
D:9:      layout_cave_pools, uniq_grum
D:10:     layout_cave_pools, minmay_misc_feat_doors, minmay_ruined_shrine,
          uniq_fannar
D:11:     layout_small_grid, erik_orc_2, solitary_fountain,
          lightli_church_of_beogh
Lair:1:   layout_small_grid, basic_altar, infiniplex_staircase_pool_2
Lair:2:   layout_regular_city, swamp_mist, wad_woods_river_01,
          serial_bayou_shore_b, grunt_megastairs_2
Lair:3:   layout_cave_pods, spider_nest_entry_a, minmay_lair_oklob_items,
          uniq_sonja
Lair:4:   gammafunk_mikee_crab_dinner, layout_small_grid, st_stairs_6,
          minmay_lair_oklob_chamber, grunt_megastairs_1
Lair:5:   layout_gridlike, slime_altar_1, gauntlet_entry_generic,
          chequers_serial_rivers_micro_e
Lair:6:   gammafunk_lair_ancient_temple, layout_cellular_growth,
          nzn_sisyphean_effort
Swamp:1:  layout_basic_swamp, nicolae_swamp_round_clearing, swamp_pool4,
          uniq_roxanne
Swamp:2:  layout_basic_swamp, serial_swamp_ruin, evilmike_swamp_ruin_house_4,
          evilmike_swamp_ruin_house_2, swamp_pool2,
          cheibrodos_swamp_pet_leeches, uniq_nikola
Swamp:3:  layout_basic_swamp, evilmike_swamp_ruin_wall, swamp_pool4,
          uniq_jorgrun
Swamp:4:  swamp, layout_basic_swamp, gammafunk_ghost_necromancy
Spider:1: layout_spider_delve, uniq_kirke
Spider:2: layout_chambers, uniq_azrael
Spider:3: layout_spider_delve, hangedman_spider_tarantella_strand,
          nicolae_spider_cling_halls
Spider:4: grunt_spider_rune_circles, nicolae_looking_at_the_future
Slime:1:  layout_caves
Orc:1:    layout_caves, enter_bailey_6, portal_ice_cave_rime, uniq_maurice
Orc:2:    st_orc_rangers, layout_caves, serial_shops,
          nicolae_shop_temple_entry_statues_fountains, basic_altar, bloody_trog

Skill      XL: |  1  2  3  4  5  6  7  8  9 10 11 12 13 14 15 16 17 18 |
---------------+-------------------------------------------------------+-----
Fighting       | 4 5 6 7 9 10 11 12 | 12.0
Axes           | 4 5 6 7 8 9 10 12 13 14 15 16 | 16.6
Dodging        | 3 4 5 6 7 8 |  8.7
Armour         | 3 5 9 10 11 12 13 14 15 16 | 16.8
Shields        | 2 3 5 7 10 11 13 14 17 19 22 | 22.5
Evocations     | 1 |  1.0
Throwing       | 2 3 |  3.2
Poison Magic   | 1 |  1.6
Invocations    | 2 |  2.2
Polearms       | 7 8 9 |  9.1

Action                   |  1- 3 |  4- 6 |  7- 9 | 10-12 | 13-15 | 16-18 || total
-------------------------+-------+-------+-------+-------+-------+-------++-------
Melee: Hand axe          |    75 |   150 |   102 |   148 |   759 |  1405 ||  2639
       Headbutt          |    10 |    30 |    62 |   134 |   265 |   562 ||  1063
       War axe           |       |       |    33 |       |    57 |       ||    90
       Broad axe         |       |       |    57 |   313 |       |     7 ||   377
       Spear             |       |       |       |       |       |   128 ||   128
       Demon trident     |       |       |       |       |       |    74 ||    74
Throw: Boomerang         |     1 |    15 |    11 |    57 |    35 |    13 ||   132
       Dart              |       |     4 |     5 |     4 |    16 |    34 ||    63
Invok: Berserk           |     1 |     3 |     2 |     2 |     6 |     4 ||    18
       Trog's Hand       |       |       |     1 |     1 |     2 |     7 ||    11
       Brothers in Arms  |       |       |       |       |     5 |     8 ||    13
Evoke: Wand              |       |       |       |    18 |    38 |    39 ||    95
  Use: Scroll            |     2 |     2 |     4 |    10 |    11 |    21 ||    50
       Potion            |       |     3 |     4 |     1 |    13 |    16 ||    37
 Stab: Paralysed         |       |       |       |       |     2 |     2 ||     4
       Distracted        |       |       |       |       |       |     3 ||     3
       Invisible         |       |       |       |       |       |     1 ||     1
       Held in net/web   |       |       |       |       |       |     3 ||     3
Armor: Animal skin       |    11 |     3 |       |       |       |       ||    14
       Skin              |       |    22 |       |       |    12 |     1 ||    35
       Ring mail         |       |     7 |    35 |     4 |       |       ||    46
       Plate armour      |       |    66 |    16 |       |       |       ||    82
       Chain mail        |       |       |       |   150 |   211 |   331 ||   692
Dodge: Dodged            |    48 |    64 |   118 |   166 |   208 |   283 ||   887
Block: Buckler           |       |       |    28 |   218 |   147 |       ||   393
       Reflection        |       |       |       |    31 |    75 |     1 ||   107
       Tower shield      |       |       |       |       |   662 |  1751 ||  2413
